cohdb
Replays
Latest Replays
All Replays
Popular Replays
Top Player Replays
Match Explorer
How It Works
Community
CoH3 Stats
Reddit
Sign in to upload your games and track your stats! →
Sign in with Steam
Match 45771157
Unlisted
Match 45771157
Overview
Messages
Build Orders
End
Panzergrenadier Squad
Selects Armored Support Battlegroup
Kradschützen Motorcycle Team
250 Light Carrier
Construct Light Support Kompanie
Panzerjäger Squad
Combat Half-tracks
Assault Grenadier Squad
Selects Salvage Kits
Selects Veteran Gunners
2.5-tonne Medical Truck
Construct Mechanized Kompanie
Support Armor Elements
Veteran Squad Leaders
Vehicle Survival Package
StuG III D Assault Gun
Marder III Tank Destroyer
Construct Panzerarmee Kommand
Assault Grenadier Squad
Emergency Repair Kits
TeamSpeakUser
LITTLE TRICKSTER
Da Cracka Whacka
jway22
Policy
Champ
benmonty26
TiGER01
0
0
Comments
sign in to comment!
No comments posted yet!